 Dungeon Crawl Stone Soup version 0.28.0 (webtiles) character file.

Game seed: 14279095680209920015

5278 Lambsauce the Chopper (level 10, -1/100 HPs)
             Began as a Troll Warper on Feb 15, 2022.
             Succumbed to a killer bee's poison
             ... on level 8 of the Dungeon.
             The game lasted 00:38:15 (8543 turns).

Lambsauce the Chopper (Troll Warper)                Turns: 8543, Time: 00:38:15

Health: -1/100     AC:  6    Str: 25    XL:     10   Next: 36%
Magic:  11/11      EV: 26    Int:  9    God:
Gold:   218        SH:  0    Dex:  9    Spells: 11/11 levels left

rFire   + . .      SeeInvis .   s - +2 war axe (flame)
rCold   + . .      Faith    .   (no shield)
rNeg    . . .      Spirit   .   b - +0 robe
rPois   .          Reflect  .   i - +1 hat
rElec   .          Harm     .   k - +0 cloak
rCorr   .          Rampage  .   (gloves unavailable)
Will    .....                   (boots unavailable)
Stlth   ++........              o - amulet of the acrobat
HPRegen 1.06/turn               t - ring of protection from fire
MPRegen 0.12/turn               A - +4 ring of slaying

@: lethally poisoned (-1 -> -13), acrobatic
A: large, unfitting armour, claws 3, regeneration 1, shaggy fur 1, tough skin 1,
cold resistance 1, wild magic 1, MP-powered wands
a: no special abilities


You were on level 8 of the Dungeon.
You visited 2 branches of the dungeon, and saw 9 of its levels.

You collected 401 gold pieces.
You spent 183 gold pieces at shops.

Inventory:

Hand Weapons
 a - a +0 falchion
 d - a +2 vorpal spear
 e - a +1 short sword of venom
 h - a +3 dagger
 s - a +2 war axe of flaming (weapon)
Missiles
 p - 2 throwing nets (quivered)
 u - 2 boomerangs
Armour
 b - a +0 robe (worn)
 i - a +1 hat (worn)
 k - a +0 cloak (worn)
 r - a +2 ring mail of positive energy
Jewellery
 l - an amulet of magic regeneration
 m - a ring of protection from cold
 n - a ring of ice
 o - an amulet of the acrobat (around neck)
 q - a ring of positive energy
 t - a ring of protection from fire (left claw)
 A - a +4 ring of slaying (right claw)
Wands
 v - a wand of flame (10)
Scrolls
 c - 2 scrolls of blinking
 j - 2 scrolls of amnesia
 w - a scroll of immolation
 y - 2 scrolls of identify
Potions
 g - a potion of attraction
 x - a potion of magic


   Skills:
 + Level 6.4 Fighting
 + Level 3.3(3.6) Short Blades
 + Level 1.9(2.9) Long Blades
 + Level 6.9(7.2) Axes
 + Level 3.0(5.3) Polearms
 + Level 1.1 Throwing
 + Level 6.3 Dodging
 + Level 1.6 Stealth
 + Level 1.4 Spellcasting
 + Level 2.7 Translocations
 + Level 1.9 Evocations


You had 11 spell levels left.
You didn't know any spells.
Your spell library contained the following spells:

 Spells                   Type           Power      Damage    Failure   Level
 Blink                    Tloc           14%        N/A       24%         2
 Gell's Gravitas          Tloc           7%         N/A       43%         3
 Lesser Beckoning         Tloc           7%         N/A       43%         3
 Teleport Other           Tloc           7%         N/A       43%         3
 Portal Projectile        Hex/Tloc       8%         N/A       61%         3
 Call Canine Familiar     Summ           0%         N/A       78%         3
 Ozocubu's Armour         Ice            0%         N/A       78%         3
 Manifold Assault         Tloc           7%         N/A       98%         5
 Leda's Liquefaction      Hex/Erth       0%         N/A       99%         4
 Ozocubu's Refrigeration  Ice            0%         4d5       100%        7


Dungeon Overview and Level Annotations

Branches:
Dungeon (8/15)             Temple (0/1) D:5            Lair (1/6) D:8

Altars:
Hepliaklqana
Beogh

Shops:
D:6 (   D:8 :


Innate Abilities, Weirdness & Mutations

You are too large for most types of armour.
You have claws for hands.
Your natural rate of healing is unusually fast.
You are covered in fur. (AC +1)
You have tough skin. (AC +1)
Your flesh is cold resistant. (rC+)
Your spells are a little harder to cast, but a little more powerful.
You expend magic power (3 MP) to strengthen your wands.


Message History

The killer bee is severely wounded.
You slash the killer bee! You burn the killer bee.
You kill the killer bee!
You feel sick. The killer bee barely misses you.
The killer bee stings you but does no damage.
The killer bee closely misses you. The killer bee stings you.
* * * LOW HITPOINT WARNING * * *
You completely miss the killer bee. You closely miss the killer bee.
You feel sick. The killer bee stings you.
* * * LOW HITPOINT WARNING * * *
You are more poisoned.
The killer bee poisons you! The killer bee stings you.
* * * LOW HITPOINT WARNING * * *
The killer bee misses you. The killer bee stings you.
* * * LOW HITPOINT WARNING * * *
You are more poisoned.
The killer bee poisons you!
Throw: 3 throwing nets
Press: ? - help, Q - select action, (/) - cycle Shift-Dir - straight line, f - killer bee
Aim: a killer bee (36% to hit)
You throw a throwing net. The throwing net hits the killer bee.
The killer bee is caught in the net!
You feel very sick.
The killer bee struggles against the net.
The killer bee barely misses you.
The killer bee struggles against the net.
The killer bee stings you.
* * * LOW HITPOINT WARNING * * *
You closely miss the killer bee.
The killer bee is severely wounded.
You barely miss the killer bee.
* * * LOW HITPOINT WARNING * * *
You feel very sick.
The killer bee struggles against the net.
The net rips apart, and the killer bee comes free!
The killer bee misses you. The killer bee stings you.
* * * LOW HITPOINT WARNING * * *
You are more poisoned.
The killer bee poisons you! The killer bee closely misses you.
You die...

..#..#.........#...#
#.......#..
..'..#.........#...#
#.......#..
..#..#.........'...#
#.......#..
..#..#.........#..##
#.......#..
..+..#.........#..#
#.......#..
..#..#.........#..#
#.......###
..#..#.........#..#
#########
..#..#.........#..#
..#..##'##.....#@.#
..#...#..#.....#'###
###...'..#.....yy..#
.#...<#..#.........#
.'....#..######....#
.#...######...#....#
.#...##..##...#..........#
.##..##.......#..........#
.##..##.......#..........#


You could see 2 killer bees.

Vanquished Creatures
  Harold (D:8)
  The ghost of spicyDoesTourney the Charlatan, a novice KoAE of Fedhas (D:7)
  Joseph (D:7)
  4 yaks (D:7)
  A wyvern (D:8)
  A basilisk (Lair:1)
  A warg (D:7)
  A water moccasin (D:7)
  2 sky beasts
  3 orc warriors (D:7)
  An ogre (D:4)
  A necrophage (D:6)
  A centaur (D:7)
  3 kobold brigands
  2 bullfrogs
  A wyvern zombie (D:6)
  A gnoll sergeant (D:5)
  2 water moccasin zombies (D:6)
  A water moccasin skeleton (D:6)
  14 killer bees (D:8)
  5 bullfrog zombies (D:6)
  A gnoll shaman (D:5)
  5 centaur zombies
  A hound (D:5)
  3 jellies
  A centaur skeleton (D:6)
  3 orc priests
  A bullfrog skeleton (D:6)
  An iguana (D:7)
  An orc wizard (D:4)
  2 killer bee zombies (D:6)
  A hound skeleton (D:5)
  A howler monkey zombie (D:7)
  6 gnolls (D:5)
  6 adders
  A shadow imp (D:7)
  4 worms
  2 dart slugs
  22 orcs
  3 bats (D:1)
  7 endoplasms
  5 giant cockroaches
  6 goblins
  3 hobgoblins
  2 jackals (D:2)
  18 kobolds
  A quokka (D:1)
  5 ball pythons
  3 frilled lizards (D:1)
  A jackal skeleton (D:3)
  6 rats
170 creatures vanquished.

Vanquished Creatures (others)
  A jelly (D:7)
  17 fungi (D:5)
  A plant (D:6)
  5 withered plants (D:6)
24 creatures vanquished.

Grand Total: 194 creatures vanquished

Notes
Turn   | Place    | Note
-------+----------+-------------------------------------------
     0 | D:1      | Lambsauce the Troll Warper began the quest for the Orb.
     0 | D:1      | Reached XP level 1. HP: 19/19 MP: 1/1
    47 | D:1      | Reached XP level 2. HP: 26/27 MP: 3/3
   522 | D:2      | Reached XP level 3. HP: 31/35 MP: 4/4
  1105 | D:2      | Found a faded altar of an unknown god.
  1336 | D:2      | Reached skill level 1 in Throwing
  1336 | D:2      | Reached XP level 4. HP: 42/42 MP: 5/5
  1674 | D:3      | Reached skill level 1 in Short Blades
  2775 | D:4      | Noticed an ogre
  2784 | D:4      | Killed an ogre
  2785 | D:4      | Reached XP level 5. HP: 49/49 MP: 6/6
  2808 | D:4      | Reached XP level 6. HP: 48/57 MP: 7/7
  2943 | D:5      | Entered Level 5 of the Dungeon
  3251 | D:5      | Reached skill level 1 in Stealth
  3511 | D:5      | Found a staircase to the Ecumenical Temple.
  3739 | D:5      | Reached XP level 7. HP: 64/66 MP: 8/8
  3951 | D:6      | Reached skill level 1 in Polearms
  4168 | D:6      | Found Woass's Hydra Hut.
  4175 | D:6      | Noticed a six-headed hydra
  4226 | D:6      | Bought a +2 war axe of flaming for 183 gold pieces
  4240 | D:6      | Reached XP level 8. HP: 26/75 MP: 9/9
  4374 | D:6      | Found a sand-covered staircase.
  4481 | D:6      | Found a hazy altar of Hepliaklqana.
  5083 | D:7      | Reached skill level 1 in Axes
  5083 | D:7      | Reached skill level 5 in Dodging
  5208 | D:7      | Reached XP level 9. HP: 28/85 MP: 10/10
  5290 | D:7      | Noticed spicyDoesTourney's ghost (novice KoAE)
  5291 | D:7      | Found a runed translucent gate.
  5292 | D:7      | Found a runed translucent gate.
  5293 | D:7      | Found a runed translucent gate.
  5294 | D:7      | Identified the +1 plate armour of Cocytus {Drain rElec MP+9
                  | Str+3}
  5316 | D:7      | Noticed Joseph
  5381 | D:7      | Killed Joseph
  5382 | D:7      | Reached skill level 5 in Fighting
  5782 | D:7      | HP: 2/88 [orc warrior (11)]
  6907 | D:7      | Reached skill level 1 in Evocations
  6992 | D:7      | Killed spicyDoesTourney's ghost
  6993 | D:7      | Reached skill level 5 in Axes
  7448 | D:8      | Found a staircase to the Lair.
  7462 | Lair:1   | Entered Level 1 of the Lair of Beasts
  7543 | Lair:1   | Noticed a rime drake
  7568 | D:8      | Found Rual's Book Emporium.
  7724 | D:8      | Reached XP level 10. HP: 71/98 MP: 11/11
  7894 | D:8      | Noticed Harold
  7895 | D:8      | Gained mutation: You expend magic power (3 MP) to
                  | strengthen your wands. [potion of mutation]
  7895 | D:8      | Gained mutation: Your spells are a little harder to cast,
                  | but a little more powerful. [potion of mutation]
  7895 | D:8      | Gained mutation: Your flesh is cold resistant. (rC+)
                  | [potion of mutation]
  7919 | D:8      | Killed Harold
  8542 | D:8      | HP: 5/100 [poisoned by a killer bee]
  8543 | D:8      | Succumbed to a killer bee's poison

Illustrated notes

Levels and vault maps discovered:
D:1:      saegor_arrival_simple_d, layout_rooms
D:2:      layout_basic, shapermc_ecumenical_altar_notcrosses
D:3:      layout_basic, st_stairs_10, minmay_misc_feat_room,
          minmay_misc_feat_ornament
D:4:      nicolae_cairo_tiling, layout_cave_pools
D:5:      layout_basic, temple_green, serial_aquarium,
          aquarium_bridge_long_joined [aquarium_subvault_bridge,
          aquarium_subvault_window, aquarium_subvault_wall,
          aquarium_subvault_wall, aquarium_subvault_balcony,
          aquarium_subvault_bridge], aquarium_bridge_square
          [aquarium_subvault_bridge, aquarium_subvault_balcony,
          aquarium_subvault_wall, aquarium_subvault_wall], aquarium_window_fake,
          aquarium_window_corridor_1, aquarium_view_2a, aquarium_balcony_5a,
          aquarium_pool_2
D:6:      layout_loops_corners, nicolae_hepliaklqana_hazy_memory, serial_undead,
          serial_undead_e, serial_undead_e, serial_undead_b, serial_undead_d,
          serial_undead_f, serial_undead_c, enter_ossuary_2,
          doesnt_shop_hydraphobe
D:7:      layout_basic, biasface_ghost_orc_armoury, kennysheep_small_square,
          uniq_joseph
D:8:      layout_gridville, lair_entry_dummy, enter_bailey_2, serial_shops,
          nicolae_diamond_shop, uniq_harold
Lair:1:   layout_misc_corridors, gammafunk_lair_bear_cave, grunt_megastairs_3

Skill      XL: |  1  2  3  4  5  6  7  8  9 10 |
---------------+-------------------------------+-----
Dodging        | 2 3 4 5 6 |  6.3
Throwing       | 1 |  1.1
Short Blades   | 2 3 |  3.3
Fighting       | 2 3 4 5 6 |  6.4
Stealth        | 1 |  1.6
Polearms       | 2 3 |  3.0
Axes           | 3 6 |  6.9
Evocations     | 1 |  1.9
Long Blades    | |  1.9
Spellcasting   | |  1.4
Translocations | |  2.7

Action                   |  1- 3 |  4- 6 |  7- 9 | 10-12 || total
-------------------------+-------+-------+-------+-------++-------
Melee: Falchion          |    38 |       |       |       ||    38
       Short sword       |    55 |   103 |    17 |       ||   175
       Dagger            |    11 |       |       |       ||    11
       Punch             |     1 |     1 |     5 |       ||     7
       Spear             |       |    29 |    74 |       ||   103
       War axe           |       |       |   228 |    69 ||   297
Throw: Boomerang         |    11 |       |       |       ||    11
       Throwing net      |       |       |     1 |     1 ||     2
Evoke: Wand              |       |       |    21 |     3 ||    24
  Use: Scroll            |     2 |     7 |     6 |       ||    15
       Potion            |       |     8 |     3 |     3 ||    14
 Stab: Distracted        |     1 |       |       |       ||     1
       Invisible         |       |     2 |       |       ||     2
       Sleeping          |       |     1 |       |       ||     1
Armor: Robe              |    71 |    47 |   137 |    30 ||   285
Dodge: Dodged            |    71 |   127 |   246 |   110 ||   554
